 Dungeon Crawl Stone Soup version 0.27-a0-836-gfc908b8576 (webtiles) character file.

Game seed: 1432634541956392222

3912 robertstho the Grappler (level 10, -18/144 HPs)
             Began as a Troll Berserker on Mar 31, 2021.
             Was a High Priest of Trog.
             Demolished by Erolcha
             ... wielding a +0 giant spiked club
              (29 damage)
             ... on level 9 of the Dungeon.
             The game lasted 00:09:38 (5798 turns).

robertstho the Grappler (Troll Berserker)           Turns: 5798, Time: 00:09:40

Health: -18/144    AC: 14    Str: 28    XL:     10   Next: 1%
Magic:  18/18      EV:  8    Int:  5    God:    Trog [*****.]
Gold:   457        SH:  0    Dex:  9    Spells: 9/9 levels left

rFire    . . .     SeeInvis .     - Unarmed
rCold    . . .     Faith    .   (no shield)
rNeg     + . .     Spirit   .   k - +0 pearl dragon scales
rPois    .         Reflect  .   (helmet restricted)
rElec    .         Harm     .   (no cloak)
rCorr    .         Rampage  .   (gloves unavailable)
Will     .....                  (boots unavailable)
Stlth    ..........             (no amulet)
HPRegen  1.34/turn              r - ring of magical power
MPRegen  0.16/turn              (no ring)

@: berserking, very quick
A: large, unfitting armour, claws 3, regeneration 1, shaggy fur 1, tough skin 1
a: Renounce Religion, Berserk, Trog's Hand, Brothers in Arms


You were on level 9 of the Dungeon.
You worshipped Trog.
Trog was extremely pleased with you.
You visited 1 branch of the dungeon, and saw 9 of its levels.

You collected 613 gold pieces.
You spent 156 gold pieces at shops.

Inventory:

Missiles
 D - 3 large rocks
Armour
 k - +0 pearl dragon scales (worn)
 x - +0 acid dragon scales
Jewellery
 r - a ring of magical power (left claw)
 z - a ring of wizardry
Wands
 j - a wand of mindburst (9)
 n - a wand of iceblast (9)
 A - a wand of digging (5)
 B - a wand of paralysis (11)
Scrolls
 a - a scroll of fear {unknown}
 d - 3 scrolls of amnesia {unknown}
 f - a scroll of torment {unknown}
 h - a scroll of vulnerability {unknown}
 i - 2 scrolls of enchant weapon {unknown}
 l - 2 scrolls of silence {unknown}
 m - a scroll of magic mapping {unknown}
 o - 4 scrolls of teleportation {unknown}
 q - a scroll of fog {unknown}
 t - 2 scrolls of noise {unknown}
 w - a scroll of blinking {unknown}
 y - a scroll of summoning {unknown}
Potions
 b - a potion of heal wounds
 c - 2 potions of ambrosia
 e - 2 potions of flight
 g - 3 potions of curing
 p - 2 potions of might
 s - 2 potions of mutation {unknown}
 u - 2 potions of attraction {unknown}
 v - a potion of lignification {unknown}
 C - 3 potions of brilliance {unknown}


   Skills:
 * Level 5.0 Fighting
 * Level 5.6 Armour
 + Level 3.7 Dodging
 * Level 11.3 Unarmed Combat


You had 9 spell levels left.
You didn't know any spells.
Your spell library was empty.

Dungeon Overview and Level Annotations

Branches:
Dungeon (9/15)             Temple (0/1) D:4
   Lair: D:8-11         Orc: D:9-12

Altars:
Fedhas

Shops:
D:4 *

Annotations:
D:9 Erolcha


Innate Abilities, Weirdness & Mutations

You are too large for most types of armour.
You have claws for hands.
Your natural rate of healing is unusually fast.
You are covered in fur. (AC +1)
You have tough skin. (AC +1)


Message History

There is an open door here.
You recover from your berserk rage.
Erolcha the Cunning comes into view.
She is wielding a +0 giant spiked club.
Erolcha shouts!
Erolcha casts a spell at herself.
Erolcha flickers and vanishes!
Deactivating autopickup; reactivate with Ctrl-A.
There is a strange disturbance nearby!
There is a strange disturbance nearby!
There is a strange disturbance nearby!
There is a strange disturbance nearby!
You hear some strange, mumbled words.
A fireball appears from out of thin air!
The fireball explodes!
The fireball engulfs you!
You hear a bellow! x3
A two-headed ogre comes into view.
It is wielding a +0 dire flail and a +0 giant club.
Something hits you.
The two-headed ogre shouts in stereo!
You scratch something. You claw something! Something hits you!
You miss something. Something hits you!!
You miss something. Something hits you!
You scratch something. You mangle something!! Your claw misses something.
Something hits you!!
* * * LOW HITPOINT WARNING * * *
You closely miss something.
You feel much better.
A red film seems to cover your vision as you go berserk!
You feel yourself moving faster!
You feel mighty!
The two-headed ogre hits you with a +0 dire flail.
* * * LOW HITPOINT WARNING * * *
The two-headed ogre completely misses you.
Something hits you!!
* * * LOW HITPOINT WARNING * * *
You mangle the two-headed ogre!!
The two-headed ogre is moderately wounded.
The two-headed ogre closely misses you.
The two-headed ogre hits you with a +0 giant club!
* * * LOW HITPOINT WARNING * * *
Something hits you!!
You die...

....... #.......# #
#.......# #. #.......#
#.. #.......###
#..#########..........
#.....................
..####..................
.....'O@................
##...#{...###'#.........
#. +....#...+.........
#....#...#.......##
#....#...#.......#.
###..#...#.......#.
#..#####.......#. #...
<........#.
##############.


You could see a two-headed ogre.

Vanquished Creatures
  A cyclops (D:8)
  A kobold demonologist (D:9)
  Maggie (D:7)
  Sigmund (D:2)
  A black bear (D:5)
  3 ice beasts
  An orc warrior (D:7)
  2 ogres
  A wolf (D:8)
  A centaur (D:5)
  2 phantoms
  A kobold brigand (D:9)
  A bullfrog (D:8)
  A wyvern zombie (D:7)
  A gnoll sergeant (D:8)
  A scorpion (D:5)
  5 killer bees (D:8)
  3 howler monkeys
  A centaur zombie (D:9)
  3 gnoll shamans (D:8)
  3 orc priests
  A centaur skeleton (D:7)
  5 hounds
  2 jellies (D:6)
  2 bullfrog skeletons (D:7)
  2 scorpion zombies
  5 iguanas
  7 orc wizards
  A killer bee zombie (D:6)
  A howler monkey skeleton (D:7)
  20 gnolls
  6 adders
  A shadow imp (D:6)
  A white imp (D:7)
  An ufetubus (D:6)
  2 adder skeletons (D:4)
  3 worms
  4 dart slugs
  16 orcs
  11 endoplasms
  3 hobgoblins
  13 jackals
  12 kobolds
  3 quokkas
  4 ball pythons
  3 bats
  2 frilled lizards
  7 goblins
  4 rats
  A bush (D:8)
  2 toadstools (D:1)
180 creatures vanquished.

Vanquished Creatures (others)
  A jackal (D:2)
  2 toadstools (D:1)
3 creatures vanquished.

Grand Total: 183 creatures vanquished

Notes
Turn   | Place    | Note
-------+----------+-------------------------------------------
     0 | D:1      | robertstho the Troll Berserker began the quest for the Orb.
     0 | D:1      | Reached XP level 1. HP: 22/22 MP: 0/0
   144 | D:1      | Reached XP level 2. HP: 19/29 MP: 1/1
   560 | D:2      | Noticed Sigmund
   571 | D:2      | HP: 1/29 [jackal (3)]
   652 | D:2      | Reached XP level 3. HP: 35/36 MP: 2/2
   663 | D:2      | Killed Sigmund
   664 | D:2      | Reached skill level 1 in Armour
   664 | D:2      | Reached skill level 4 in Unarmed Combat
   664 | D:2      | Reached XP level 4. HP: 45/45 MP: 3/3
   664 | D:2      | Reached XP level 5. HP: 53/53 MP: 4/4
   668 | D:2      | Reached ** piety under Trog
   794 | D:2      | Reached skill level 5 in Unarmed Combat
  1157 | D:3      | Reached XP level 6. HP: 56/61 MP: 5/5
  1315 | D:3      | Found a faded altar of an unknown god.
  1604 | D:4      | Found a staircase to the Ecumenical Temple.
  1742 | D:4      | Reached skill level 6 in Unarmed Combat
  1944 | D:4      | Reached XP level 7. HP: 68/68 MP: 6/6
  1947 | D:4      | Reached *** piety under Trog
  2175 | D:4      | Found War Pig's Elemental Accessories.
  2182 | D:4      | Bought a wand of iceblast (9) for 156 gold pieces
  2327 | D:5      | Entered Level 5 of the Dungeon
  2470 | D:5      | Reached skill level 7 in Unarmed Combat
  3114 | D:5      | Reached XP level 8. HP: 78/78 MP: 7/7
  3120 | D:5      | Found a blossoming altar of Fedhas.
  3121 | D:5      | Identified the +0 pair of boots of the King of the Hill
                  | {Dex+5}
  3347 | D:6      | Reached skill level 8 in Unarmed Combat
  4073 | D:7      | Reached skill level 9 in Unarmed Combat
  4186 | D:7      | Noticed Maggie
  4203 | D:7      | Killed Maggie
  4203 | D:7      | Reached **** piety under Trog
  4204 | D:7      | Reached XP level 9. HP: 47/85 MP: 8/8
  4866 | D:8      | Reached skill level 10 in Unarmed Combat
  5035 | D:8      | Noticed a cyclops
  5049 | D:8      | Killed a cyclops
  5050 | D:8      | Reached skill level 5 in Armour
  5488 | D:8      | Reached skill level 11 in Unarmed Combat
  5700 | D:9      | Reached skill level 5 in Fighting
  5711 | D:9      | Noticed a kobold demonologist
  5718 | D:9      | Noticed a sun demon
  5722 | D:9      | Killed a kobold demonologist
  5725 | D:9      | Reached ***** piety under Trog
  5742 | D:9      | Reached XP level 10. HP: 96/96 MP: 9/9
  5785 | D:9      | Noticed Erolcha
  5789 | D:9      | Noticed a two-headed ogre
  5798 | D:9      | Demolished by Erolcha

Illustrated notes

Levels and vault maps discovered:
D:1:      ldierk_water_garden, layout_basic
D:2:      layout_rooms, uniq_sigmund
D:3:      layout_basic, chequers_ecumenical_altar_simple_redux
D:4:      minmay_diamond_boxcup, layout_basic, minmay_temple_entry_arrows,
          nicolae_elemental_shop
D:5:      layout_loops_corners, lemuel_round_altar
D:6:      layout_gridville
D:7:      layout_loops_cross, uniq_maggie
D:8:      layout_cave_pools, serial_gnoll_camp, gnoll_camp_mini_loothouse,
          gnoll_camp_mini_sergeant, gnoll_camp_mini_hut, gnoll_camp_mini_basic,
          minmay_hedge_maze, minmay_misc_feat_tower
D:9:      layout_irregular_city, uniq_erolcha

Skill      XL: |  1  2  3  4  5  6  7  8  9 |
---------------+----------------------------+-----
Fighting       | 3 4 5 |  5.0
Armour         | 1 2 4 5 |  5.6
Unarmed Combat | 4 5 6 7 9 11 | 11.3
Dodging        | 3 |  3.7

Action                   |  1- 3 |  4- 6 |  7- 9 | 10-12 || total
-------------------------+-------+-------+-------+-------++-------
Melee: Unarmed           |    56 |   119 |   369 |    14 ||   558
       Punch             |       |     4 |    15 |     1 ||    20
Invok: Berserk           |     1 |     2 |     5 |     1 ||     9
  Use: Potion            |     3 |       |       |     1 ||     4
       Scroll            |       |     2 |     3 |       ||     5
 Stab: Sleeping          |       |     1 |       |       ||     1
Armor: Animal skin       |    14 |    18 |       |       ||    32
       Pearl dragon scal |       |    15 |   213 |     4 ||   232
Dodge: Dodged            |    33 |    48 |   136 |     2 ||   219

Table legend: (Time is in decaauts)
 A = Elapsed time spent in this place.
 B = Non-inter-level travel time spent in this place.
 C = Inter-level travel time spent in this place.
 D = Time resting spent in this place.
 E = Time spent auto-exploring this place.
 F = Levels seen in this place.
 G = Mean time per level.
                   A        B        C        D        E       F      G
               +--------+--------+--------+--------+--------+-----+--------+
         Total |   5756 |   5555 |    201 |    143 |   4362 |   9 |  639.6 |
       Dungeon |   5756 |   5555 |    201 |    143 |   4362 |   9 |  639.6 |
               +--------+--------+--------+--------+--------+-----+--------+

Top non-repeatable levels by time:
     D:5: 1005 daAuts
     D:8: 802 daAuts
     D:6: 710 daAuts
     D:4: 703 daAuts
     D:7: 698 daAuts
     D:3: 655 daAuts
     D:1: 509 daAuts
     D:2: 441 daAuts
     D:9: 229 daAuts
